 Dungeon Crawl Stone Soup version 0.30-a0-578-gdee14c521f (webtiles) character file.

Game seed: 441875736309406781

5 bande the Shield-Bearer (level 1, -1/14 HPs)
             Began as a Gargoyle Fighter on Jan 1, 2023.
             Slain by an adder (3 damage)
             ... on level 1 of the Dungeon.
             The game lasted 00:00:30 (809 turns).

bande the Shield-Bearer (Gargoyle Fighter)           Turns: 809, Time: 00:00:31

Health: -1/14      AC:  9    Str: 19    XL:     1   Next: 80%
Magic:  1/1        EV:  9    Int:  8    God:
Gold:   42         SH:  4    Dex:  9    Spells: 0/0 levels left

rFire   . . .      SeeInvis .    a - +0 war axe
rCold   . . .      Faith    .    c - +0 buckler
rNeg    + . .      Spirit   .    b - +0 scale mail
rPois   ∞          Reflect  .    (no helmet)
rElec   +          Harm     .    (no cloak)
rCorr   .          Rampage  .    (no gloves)
Will    .....                    (no boots) Stlth
                                 (no amulet)
HPRegen 0.22/turn                (no ring)
MPRegen 0.07/turn                (no ring)

@: no status effects
A: sickness immunity, AC +2, negative energy resistance 1, electricity
resistance, torment resistance 1, petrification resistance
a: no special abilities


You were on level 1 of the Dungeon.
You visited 1 branch of the dungeon, and saw 2 of its levels.

You collected 42 gold pieces.

Inventory:

Hand Weapons
 a - a +0 war axe (weapon)
Armour
 b - a +0 scale mail (worn)
 c - a +0 buckler (worn)
Scrolls
 f - a scroll of immolation {unknown}
 g - a scroll of summoning {unknown}
 h - a scroll of enchant armour {unknown}
Potions
 d - a potion of might
 e - a potion of resistance {unknown}


   Skills:
 + Level 3.4 Fighting
 + Level 1.8 Axes
 + Level 3.4 Armour
 + Level 3.4 Shields


You couldn't memorise any spells.
You didn't know any spells.
Your spell library was empty.

Dungeon Overview and Level Annotations

Branches:
Dungeon (2/15)

Altars:


Innate Abilities, Weirdness & Mutations

You are immune to sickness and miasma.
Your stone body is resilient. (AC +2)
You are immune to poison.
You resist negative energy. (rN+)
You are resistant to electric shocks. (rElec)
You are resistant to unholy torment.
You are immune to petrification.


Message History

No target in view!
You start resting.
HP restored.
You start waiting.
Done waiting.
You climb downwards.
The adder bites you but does no damage. The gnoll barely misses you.
You block the gnoll's attack. The adder bites you but does no damage.
The gnoll barely misses you. The gnoll misses you.
The gnoll closely misses you.
There is a stone staircase leading up here.
The adder barely misses you. The adder bites you.
The gnoll hits you but does no damage. The gnoll closely misses you.
The gnoll hits you from afar with a +0 spear.
The gnoll hits you from afar with a +2 spear of freezing!
Ouch! That really hurt!
* * * LOW HITPOINT WARNING * * *
The gnoll freezes you.
* * * LOW HITPOINT WARNING * * *
You climb upwards.
There is a stone staircase leading down here.
You are too injured to fight recklessly!
You are too injured to fight recklessly!
You are too injured to fight recklessly!
You are too injured to fight recklessly!
You are too injured to fight recklessly!
You are too injured to fight recklessly!
You are too injured to fight recklessly!
You are too injured to fight recklessly!
You are too injured to fight recklessly!
You are too injured to fight recklessly!
You are too injured to fight recklessly!
You hit the gnoll but do no damage. You closely miss the adder.
You barely miss the gnoll. The adder bites you but does no damage.
The gnoll closely misses you. The gnoll barely misses you.
The adder closely misses you.
Unknown command.
You slash the gnoll!
You kill the gnoll!
You slash the gnoll! You closely miss the adder. The adder bites you.
You die...

#...........................
#.............##.##..#......
#.............##............
##########.####..##.........
#.###...##.........
#########.......#..........
#.........###...#..........
#........###....#####.#####
#........)@S...............
#........g.#.#.######......
#..........#.#...#.##......
#..........#.###.#.........
#####......#.###.#.########
#......#...#.#.#...####
#######......###.#.#........#
#................#.#.........
#..................##.......#


You could see a gnoll and an adder.

Vanquished Creatures
  A gnoll (D:1)
  2 endoplasms (D:1)
  A giant cockroach (D:1)
  2 ball pythons (D:1)
6 creatures vanquished.

Notes
Turn   | Place    | Note
-------+----------+-------------------------------------------
     0 | D:1      | bande the Gargoyle Fighter began the quest for the Orb.
     0 | D:1      | Reached XP level 1. HP: 14/14 MP: 1/1
     0 | D:1      | Noticed a shadow dragon
     0 | D:1      | Noticed an ice dragon
     1 | D:1      | Noticed an orb of fire
     2 | D:1      | Noticed an ice dragon
     4 | D:1      | Noticed an orb of fire
     4 | D:1      | Noticed an iron dragon
     6 | D:1      | Noticed a large abomination
     7 | D:1      | Noticed an orb of fire
     9 | D:1      | Noticed a shadow dragon
    11 | D:1      | Noticed a tentacled monstrosity
    13 | D:1      | Noticed an ice dragon
    13 | D:1      | Noticed a large abomination
    15 | D:1      | Noticed a large abomination
    15 | D:1      | Noticed a tentacled monstrosity
    17 | D:1      | Noticed a black draconian
    17 | D:1      | Noticed a large abomination
    17 | D:1      | Noticed a tentacled monstrosity
    19 | D:1      | Noticed a red draconian
   809 | D:1      | Slain by an adder

Illustrated notes

Levels and vault maps discovered:
D:1:      shiori_arrival_whats_in_store_for_you, layout_basic,
          minmay_misc_feat_pillars
D:2:      layout_basic, serial_rivers, chequers_serial_rivers_micro_a,
          chequers_serial_rivers_room_a, chequers_serial_rivers_room_b,
          chequers_serial_rivers_small_3, chequers_serial_rivers_room_b,
          bh_walls_and_bars

Action                   || total
-------------------------++-------
Melee: War axe           ||    12
Armor: Scale mail        ||     9
Dodge: Dodged            ||    15
Block: Buckler           ||     2

Table legend: (Time is in decaauts)
 A = Elapsed time spent in this place.
 B = Non-inter-level travel time spent in this place.
 C = Inter-level travel time spent in this place.
 D = Time resting spent in this place.
 E = Time spent auto-exploring this place.
 F = Levels seen in this place.
 G = Mean time per level.
                   A        B        C        D        E       F      G
               +--------+--------+--------+--------+--------+-----+--------+
         Total |    816 |    816 |      0 |    227 |    515 |   2 |  408.0 |
       Dungeon |    816 |    816 |      0 |    227 |    515 |   2 |  408.0 |
               +--------+--------+--------+--------+--------+-----+--------+

Top non-repeatable levels by time:
     D:1: 808 daAuts
     D:2: 7 daAuts
